 Dungeon Crawl Stone Soup version 0.30-a0-1016-gfb0d676c02 (webtiles) character file.

Game seed: 17518163899158474148

9 gelatine the Magician (level 2, 0/19 HPs)
             Began as a Demonspawn Wanderer on Apr 6, 2023.
             Slain by a jackal (1 damage)
             ... on level 1 of the Dungeon.
             The game lasted 00:01:13 (216 turns).

gelatine the Magician (Demonspawn Wanderer)          Turns: 216, Time: 00:01:13

Health: 0/19       AC:  6    Str: 11    XL:     2   Next: 6%
Magic:  6/6        EV:  8    Int: 14    God:
Gold:   0          SH:  0    Dex: 12    Spells: 7/7 levels left

rFire   . . .      SeeInvis .    a - +0 dagger
rCold   . . .      Faith    .    (no shield)
rNeg    . . .      Spirit   .    c - +0 scale mail
rPois   .          Reflect  .    (no helmet)
rElec   .          Rampage  .    (no cloak)
rCorr   .                        (no gloves)
Will    .....                    (no boots) Stlth
                                 (no amulet)
HPRegen 0.23/turn                (no ring)
MPRegen 0.10/turn                (no ring)

@: no status effects
A: weakness stinger 1
a: no special abilities


You were on level 1 of the Dungeon.
You visited 1 branch of the dungeon, and saw 1 of its levels.

Inventory:

Hand Weapons
 a - a +0 dagger (weapon)
Armour
 c - a +0 scale mail (worn)
Jewellery
 f - a ring of ice
Scrolls
 e - a scroll of silence {unknown}
Potions
 b - a potion of attraction
 d - a potion of magic {unknown}


   Skills:
 * Level 0.2 Fighting
 + Level 1.9 Armour
 * Level 0.4 Dodging
 + Level 1.0 Stealth
 + Level 3.2 Spellcasting
 + Level 1.8 Ice Magic
 + Level 1.8 Air Magic


You had 7 spell levels left.
You didn't know any spells.
Your spell library contained the following spells:

 Spells                   Type           Power      Damage    Failure   Level
 Freeze                   Ice            28%        1d5       50%         1
 Shock                    Conj/Air       16%        1d4       63%         1
 Cigotuvi's Dreadful Rot  Necr/Pois/Air  6%         N/A       82%         2
 Frozen Ramparts          Ice            14%        1d3       86%         3
 Vhi's Electric Charge    Tloc/Air       8%         N/A       94%         3
 Call Canine Familiar     Summ           2%         N/A       98%         3
 Portal Projectile        Hex/Tloc       4%         N/A       98%         3
 Leda's Liquefaction      Hex/Erth       1%         N/A       100%        4


Dungeon Overview and Level Annotations

Branches:
Dungeon (1/15)

Altars:


Innate Abilities, Weirdness & Mutations

You have a small tail.


Message History

You closely miss the jackal.
Your tail-slap misses the jackal.
The jackal is moderately wounded.
The jackal misses you. The jackal closely misses you.
The jackal barely misses you.
The frilled lizard bites you but does no damage.
You hit the jackal but do no damage.
The jackal is moderately wounded.
The jackal bites you but does no damage.
The jackal bites you. The jackal barely misses you.
The frilled lizard bites you but does no damage.
You hit the jackal but do no damage.
You tail-slap the jackal, but do no damage.
The jackal is moderately wounded.
The jackal completely misses you. The jackal bites you. x2
The frilled lizard bites you but does no damage.
You hit the jackal but do no damage.
The jackal is moderately wounded.
The jackal barely misses you.
The jackal bites you but does no damage.
The frilled lizard bites you but does no damage.
You hit the jackal but do no damage.
The jackal is moderately wounded.
The jackal bites you but does no damage.
The jackal bites you.
The jackal bites you but does no damage.
The frilled lizard bites you.
* * * LOW HITPOINT WARNING * * *
The jackal bites you.
* * * LOW HITPOINT WARNING * * *
The jackal bites you but does no damage.
The frilled lizard bites you but does no damage.
The jackal attacks as you move away! The jackal bites you.
* * * LOW HITPOINT WARNING * * *
The frilled lizard closely misses you. The rat attacks as you move away!
The rat bites you.
* * * LOW HITPOINT WARNING * * *
The frilled lizard unfolds its giant frill.
The jackal barely misses you. The jackal attacks as you move away!
The jackal bites you.
You die...

.P.###≈≈≈≈#≈≈≈#≈≈≈#......
''##≈≈≈≈≈≈#≈≈≈≈≈≈.#......
~~≈≈≈≈≈≈≈≈≈ ......
~~≈≈≈≈≈≈ #...$.. ~~≈≈≈...
###.$..... ~.~.....
#####.........
~.~..~######....r.)......
.######..##.#..lhh##....
..# #.##.##.####@........
#.###.>...#.###..######.#
#.##..##†)..##..##
#....###.....†.######
..#..........†......#
..######......#####.. ..#
#......# ..# #......# ..#
#......#


You could see 2 jackals, a frilled lizard and a rat.

Vanquished Creatures
  An endoplasm (D:1)
  2 giant cockroaches (D:1)
  A goblin (D:1)
  A jackal (D:1)
  A ball python (D:1)
  A bat (D:1)
  A frilled lizard (D:1)
  A kobold (D:1)
9 creatures vanquished.

Notes
Turn   | Place    | Note
-------+----------+-------------------------------------------
     0 | D:1      | gelatine the Demonspawn Wanderer began the quest for the
                  | Orb.
     0 | D:1      | gelatine set off with the following items: a +0 dagger, a
                  | potion of attraction, a +0 scale mail; and the following
                  | spells available to memorise: Freeze, Shock, Cigotuvi's
                  | Dreadful Rot, Frozen Ramparts, Vhi's Electric Charge.
     0 | D:1      | Reached XP level 1. HP: 13/13 MP: 4/4
   201 | D:1      | Discovered your monstrous ancestry.
   201 | D:1      | Gained mutation: You have a small tail. [demonic ancestry]
   201 | D:1      | Reached XP level 2. HP: 19/19 MP: 6/6
   216 | D:1      | Slain by a jackal

Illustrated notes

Levels and vault maps discovered:
D:1:      dpeg_arrival_water_fire, layout_rooms, serial_shops,
          nicolae_lakefront_shop

Action                     || total
---------------------------++-------
  Melee: Dagger            ||    47
         Tailslap          ||     3
 Armour: Scale mail        ||    39
  Dodge: Dodged            ||    28

Table legend: (Time is in decaauts)
 A = Elapsed time spent in this place.
 B = Non-inter-level travel time spent in this place.
 C = Inter-level travel time spent in this place.
 D = Time resting spent in this place.
 E = Time spent auto-exploring this place.
 F = Levels seen in this place.
 G = Mean time per level.
                   A        B        C        D        E       F      G
               +--------+--------+--------+--------+--------+-----+--------+
         Total |    219 |    219 |      0 |      0 |    129 |   1 |  219.0 |
       Dungeon |    219 |    219 |      0 |      0 |    129 |   1 |  219.0 |
               +--------+--------+--------+--------+--------+-----+--------+

Top non-repeatable levels by time:
     D:1: 219 daAuts
